 Dungeon Crawl Stone Soup version 0.15.2 (webtiles) character file.

181 4tharraofdagon the Cudgeler (level 5, 1/46 HPs)
             Began as a Minotaur Earth Elementalist on Jan 7, 2015.
             Quit the game on Level 4 of the Dungeon.
             The game lasted 00:08:04 (1440 turns).

4tharraofdagon the Cudgeler (MiEE)                  Turns: 1440, Time: 00:08:05

HP   1/46        AC  2     Str 12      XL: 5   Next: 34%
MP   1/4         EV 12     Int 13      God:
Gold 156         SH  0     Dex 11      Spells:  1 memorised,  5 levels left

rFire  . . .     SeeInvis .     b - 64 stones
rCold  . . .     Clarity  .     c - +0 robe
rNeg   . . .     rCorr    .     (no shield)
rPois  .         rRot     .     (helmet restricted)
rElec  .         Spirit   .     (no cloak)
SustAb .         Warding  .     (no gloves)
rMut   .         Stasis   .     (no boots)
Gourm  .                        (no amulet)
MR     .....                    (no ring)
                                (no ring)

@: confused, lethally poisoned, flying, not resistant to hostile enchantments,
very unstealthy
A: retaliatory headbutt, horns 2
a: no special abilities


You were on level 4 of the Dungeon.
You were hungry.

You visited 1 branch of the dungeon, and saw 4 of its levels.

You collected 156 gold pieces.

Inventory:

Hand weapons
 f - a +0 club
 k - a +0 mace
 u - a +0 war axe
Missiles
 b - 64 stones (in hand)
 q - 16 sling bullets
Armour
 c - a +0 robe (worn)
Magical devices
 n - a wand of teleportation (4)
Comestibles
 a - 2 bread rations
 l - a meat ration
Scrolls
 e - 2 scrolls of random uselessness {unknown}
 g - 5 scrolls of remove curse {unknown}
 h - a scroll of amnesia {unknown}
 o - 2 scrolls of teleportation {unknown}
 p - 2 scrolls of identify {unknown}
 s - a scroll of fog {unknown}
Potions
 v - a potion of poison
Books
 d - a book of Geomancy

   Spells                             Type                      Level
   *Sandblast                         Earth                        1
   Stoneskin                          Transmutation/Earth          2
   Passwall                           Transmutation/Earth          3
   Stone Arrow                        Conjuration/Earth            3
   Petrify                            Transmutation/Earth          4
   Lee's Rapid Deconstruction         Earth                        5


   Skills:
 + Level 3.9 Fighting
 * Level 4.5 Maces & Flails
 - Level 2.1 Dodging
 - Level 1.5 Stealth
 - Level 1.3 Spellcasting
   Level 0.7 Transmutations
 - Level 2.4 Earth Magic


You had 5 spell levels left.
You knew the following spells:

 Your Spells              Type           Power        Failure   Level  Hunger
a - Sandblast             Erth           #.....       12%         1    ##.....


Dungeon Overview and Level Annotations

Branches:
Dungeon (4/15)
 Temple: D:4-7

Altars:
Elyvilon
Zin


Innate Abilities, Weirdness & Mutations

You reflexively headbutt those who attack you in melee.
You have a pair of horns on your head.


Message History

* * * LOW HITPOINT WARNING * * *
You feel sick.
Drink which item? (? for menu, Esc to quit)
You feel very buoyant.
You fly up into the air.
It was a potion of flight.
* * * LOW HITPOINT WARNING * * *
You feel sick.
Drink which item? (? for menu, Esc to quit)
You are confused.
It was a potion of confusion.
* * * LOW HITPOINT WARNING * * *
You feel sick.
Drink which item? (? for menu, Esc to quit)
You feel your strength returning.
It was a potion of restore abilities.
* * * LOW HITPOINT WARNING * * *
You feel sick.
Are you sure you want to abandon this character and quit the game? (Confirm with "yes".)
Okay, then.
Unknown command.
Are you sure you want to abandon this character and quit the game? (Confirm with "yes".)

#.#...#....#.#.###
#.#.##.#.#.#.+......
#.#.+.#.#.#.##.#....
#.#.#....#...#......
###...#...#....#......
#.....#8...#..8#.##..#
#......###'####...#..#
#.................#..#
#....@....#.#.#.#.#...
....#####.....##.....#....#
........'.....# ####.######
###.#####.....# .# #.....#
###>#. #.....# #...#..
#[....# #.....#
#.....####.....#
######.........#


There were no monsters in sight!

Vanquished Creatures
  An ogre (D:3)
  Jessica (D:2)
  2 adders
  A giant mite (D:4)
  A worm (D:3)
  2 giant geckos
  2 oozes
  A ball python (D:1)
  6 bats
  A bat skeleton (D:4)
  A giant cockroach (D:3)
  5 goblins
  8 hobgoblins
  4 kobolds
  A quokka (D:4)
  2 giant newts
  A goblin skeleton (D:4)
  3 rats
43 creatures vanquished.

Notes
Turn   | Place    | Note
--------------------------------------------------------------
     0 | D:1      | 4tharraofdagon, the Minotaur Earth Elementalist, began the quest for the Orb.
     0 | D:1      | Reached XP level 1. HP: 14/14 MP: 2/2
    15 | D:2      | Found a white marble altar of Elyvilon.
    16 | D:2      | Found a glowing silver altar of Zin.
    50 | D:2      | Reached XP level 2. HP: 18/24 MP: 1/2
   293 | D:1      | Reached skill level 1 in Maces & Flails
   396 | D:2      | Reached XP level 3. HP: 18/30 MP: 1/3
   446 | D:2      | Noticed Jessica
   460 | D:2      | Killed Jessica
   663 | D:3      | Reached skill level 3 in Fighting
   829 | D:3      | Reached XP level 4. HP: 38/38 MP: 4/4
   923 | D:3      | Noticed an ogre
   967 | D:3      | Killed an ogre
   967 | D:3      | Reached skill level 4 in Maces & Flails
   967 | D:3      | Reached XP level 5. HP: 25/46 MP: 0/4
  1438 | D:4      | HP: 2/46 [poison (a potion of poison)]
  1440 | D:4      | Quit the game

Action                   |  1- 3 |  4- 6 || total
-------------------------+-------+-------++-------
Melee: Unarmed           |    12 |       ||    12
       Mace              |    41 |    17 ||    58
Throw: Stone             |       |     4 ||     4
 Cast: Sandblast         |    12 |    11 ||    23
Evoke: Wand              |     1 |     1 ||     2
  Use: Potion            |       |     6 ||     6
  Eat: Chunk             |       |     2 ||     2
